Map: Mech-Depot LE

Players

sanerjiulong - Winner!

  • Race: Protoss Protoss
  • League: Diamond
  • Spawn Location: 7:00

Panda

  • Race: Zerg Zerg
  • League: Diamond
  • Spawn Location: 1:00

VOD

Have the link to the VOD?

Description

Time

  • Played on: Sept. 7, 2017, 10:01 a.m.
  • Length: 21:27
Show
View Real Time Build Order
Export as new Build Order

sanerjiulong Protoss - Winner!

Build Orders: Nexus First 

Get SALT Encoding   

  12  0:01  Probe (Chrono Boost)  
  13  0:12  Probe (Chrono Boost)  
  14  0:22  Probe (Chrono Boost)  
  14  0:24  Pylon  
  16  0:42  Probe (Chrono Boost)  
  16  0:58  Nexus  
  16  1:09  Forge  
  16  1:13  Probe (Chrono Boost)  
  17  1:23  Probe (Chrono Boost)  
  18  1:38  Pylon  
  18  1:45  Gateway  
  18  1:47  Photon Cannon  
  18  1:52  Pylon  
  18  2:05  Probe (Chrono Boost)  
  19  2:12  Photon Cannon  
  19  2:17  Assimilator  
  19  2:21  Assimilator  
  19  2:22  Probe (Chrono Boost)  
  19  2:24  Probe (Chrono Boost)  
  20  2:35  Cybernetics Core  
  22  2:37  Probe x2 (Chrono Boost)  
  22  2:45  Pylon  
  22  2:49  Probe (Chrono Boost)  
  22  2:50  Probe (Chrono Boost)  
  24  2:59  Pylon  
  24  3:01  Probe (Chrono Boost)  
  24  3:03  Probe (Chrono Boost)  
  26  3:12  Mothership Core (Chrono Boost)  
  28  3:14  Probe (Chrono Boost)  
  29  3:22  Photon Cannon  
  29  3:25  Probe (Chrono Boost)  
  30  3:34  Probe (Chrono Boost)  
  30  3:39  Stargate, Probe (Chrono Boost)  
  32  3:49  Probe (Chrono Boost), Pylon  
  32  3:50  Probe (Chrono Boost)  
  32  3:53  Warp Gate  
  26  4:22  Pylon  
  26  4:27  Probe x2 (Chrono Boost)  
  28  4:34  Photon Cannon  
  28  4:38  Probe (Chrono Boost)  
  29  4:40  Probe (Chrono Boost)  
  29  4:43  Assimilator  
  29  4:44  Assimilator  
  30  4:48  Probe (Chrono Boost)  
  30  4:51  Probe (Chrono Boost)  
  32  4:59  Probe (Chrono Boost)  
  32  5:01  Probe (Chrono Boost)  
  33  5:13  Pylon  
  33  5:14  Probe x2 (Chrono Boost)  
  33  5:19  Void Ray  
  39  5:25  Probe x2 (Chrono Boost)  
  42  5:35  Probe x2 (Chrono Boost)  
  42  5:46  Probe x2 (Chrono Boost)  
  44  5:54  Pylon  
  44  5:56  Probe x2 (Chrono Boost)  
  46  6:01  Photon Cannon  
  46  6:02  Void Ray  
  50  6:07  Probe x2 (Chrono Boost)  
  52  6:17  Probe (Chrono Boost)  
  52  6:18  Probe (Chrono Boost), Pylon  
  54  6:23  Nexus  
  54  6:29  Probe (Chrono Boost)  
  54  6:31  Stargate  
  55  6:37  Probe (Chrono Boost), Stargate  
  56  6:58  Probe x2 (Chrono Boost)  
  58  7:08  Probe (Chrono Boost)  
  58  7:09  Probe (Chrono Boost)  
  58  7:11  Pylon  
  58  7:14  Pylon  
  60  7:16  Pylon  
  60  7:19  Probe x2 (Chrono Boost)  
  60  7:20  Pylon  
  62  7:29  Probe (Chrono Boost)  
  64  7:30  Probe (Chrono Boost), Void Ray x2  
  72  7:39  Photon Cannon  
  72  7:40  Probe x2 (Chrono Boost)  
  72  7:43  Photon Cannon  
  74  7:50  Probe (Chrono Boost)  
  74  7:51  Probe x2 (Chrono Boost)  
  77  8:02  Stargate  
  77  8:11  Probe x3 (Chrono Boost), Fleet Beacon  
  80  8:21  Probe x3 (Chrono Boost)  
  80  8:22  Photon Cannon  
  83  8:30  Assimilator  
  83  8:32  Assimilator, Probe x2 (Chrono Boost)  
  83  8:33  Probe (Chrono Boost)  
  86  8:34  Photon Cannon  
  86  8:37  Photon Cannon  
  86  8:39  Twilight Council  
  86  8:42  Probe (Chrono Boost)  
  86  8:43  Probe x2 (Chrono Boost)  
  86  8:48  Pylon  
  89  8:53  Probe (Chrono Boost), Robotics Facility  
  89  8:55  Probe x2 (Chrono Boost)  
  92  8:56  Pylon  
  92  8:57  Carrier (Chrono Boost)  
  104  9:03  Probe (Chrono Boost)  
  104  9:04  Carrier (Chrono Boost)  
  104  9:06  Probe x2 (Chrono Boost)  
  107  9:14  Probe (Chrono Boost)  
  107  9:15  Graviton Catapult (Chrono Boost)  
  107  9:17  Probe (Chrono Boost)  
  115  9:26  Carrier (Chrono Boost)  
  115  9:29  Carrier (Chrono Boost)  
  121  9:33  Nexus  
  120  9:48  Probe x3  
  108  10:00  Probe x2  
  110  10:16  Nexus  
  110  10:17  Carrier (Chrono Boost)  
  116  10:24  Probe x3  
  116  10:26  Observer  
  126  10:32  Templar Archives  
  126  10:34  Carrier (Chrono Boost)  
  126  10:36  Probe  
  126  10:37  Photon Cannon  
  126  10:48  Nexus, Observer  
  133  10:51  Probe x3  
  133  10:52  Pylon  
  133  10:55  Pylon  
  133  10:56  Carrier (Chrono Boost)  
  136  10:57  Pylon  
  136  11:03  Probe  
  137  11:17  Photon Cannon  
  137  11:24  Pylon  
  137  11:30  Photon Cannon  
  137  11:32  Photon Cannon  
  143  11:35  Photon Cannon  
  143  11:36  Probe x3, Carrier (Chrono Boost)  
  143  11:37  Photon Cannon  
  143  11:38  Photon Cannon  
  146  11:44  Assimilator  
  146  11:45  Assimilator  
  143  11:47  Psionic Storm, Pylon  
  143  11:48  Probe  
  150  12:00  Carrier (Chrono Boost)  
  150  12:08  Photon Cannon  
  150  12:10  Photon Cannon  
  150  12:12  Photon Cannon  
  156  12:22  Carrier (Chrono Boost)  
  151  12:27  Gateway  
  151  12:30  Gateway  
  151  12:43  Probe  
  151  12:44  Probe x2  
  151  12:46  Photon Cannon  
  151  12:48  Photon Cannon  
  151  12:49  Nexus  
  154  12:56  Probe  
  155  13:05  Nexus  
  155  13:12  Photon Cannon  
  155  13:16  Protoss Shields Level 1  
  155  13:21  Protoss Air Weapons Level 1 (Chrono Boost)  
  155  13:30  Cybernetics Core  
  167  13:35  Carrier x2 (Chrono Boost)  
  162  13:56  High Templar x3  
  162  14:01  Photon Cannon  
  168  14:03  Photon Cannon  
  168  14:05  Photon Cannon  
  168  14:07  Photon Cannon  
  168  14:10  Photon Cannon x2  
  168  14:29  Nexus  
  168  14:31  Assimilator  
  168  14:35  Assimilator  
  168  14:36  Carrier  
  168  14:37  Pylon  
  174  14:40  High Templar x3, Pylon  
  174  14:42  Pylon  
  174  14:45  Pylon  
  180  14:48  Pylon  
  180  14:52  Stargate  
  180  15:00  Photon Cannon x2  
  180  15:02  Photon Cannon  
  180  15:06  Carrier x2  
  198  15:28  High Templar  
  200  15:48  Photon Cannon  
  200  15:49  Photon Cannon  
  200  15:52  Photon Cannon  
  200  15:54  Photon Cannon  
  200  15:55  Photon Cannon x2  
  200  15:56  Protoss Air Armor Level 1 (Chrono Boost)  
  200  15:57  Photon Cannon  
  200  16:00  Photon Cannon  
  200  16:04  Photon Cannon  
  200  16:06  Photon Cannon  
  200  16:07  Protoss Air Weapons Level 2 (Chrono Boost)  
  200  16:08  Protoss Shields Level 2 (Chrono Boost)  
  196  16:33  Nexus  
  196  16:36  Assimilator  
  196  16:38  Assimilator  
  188  16:41  Carrier x2  
  188  16:43  Pylon  
  188  16:45  Pylon  
  200  16:47  Pylon  
  200  16:55  Photon Cannon  
  200  16:59  Photon Cannon  
  200  17:01  Photon Cannon  
  200  17:03  Photon Cannon  
  200  17:05  Photon Cannon  
  200  17:07  Photon Cannon  
  200  17:08  Photon Cannon  
  200  17:10  Photon Cannon  
  200  17:37  Photon Cannon  
  200  17:38  Photon Cannon  
  200  17:39  Photon Cannon  
  200  17:42  Photon Cannon  
  200  17:44  Photon Cannon  
  200  17:46  Photon Cannon  
  200  17:47  Photon Cannon  
  200  17:55  Protoss Air Armor Level 2 (Chrono Boost)  
  200  18:10  Photon Cannon  
  199  19:13  Photon Cannon  
  199  19:14  Photon Cannon  
  199  19:17  Photon Cannon  
  199  19:18  Photon Cannon  
  199  20:12  Photon Cannon  
  199  20:14  Photon Cannon x2  
  199  20:18  Photon Cannon  
  199  20:19  Photon Cannon  
Show
View Real Time Build Order
Export as new Build Order

Panda Zerg 

Build Orders: Pool First 

Get SALT Encoding   

  12  0:00  Drone  
  13  0:15  Extractor  
  12  0:24  Spawning Pool  
  11  0:29  Drone  
  11  0:33  Drone  
  13  0:42  Overlord  
  13  0:49  Drone  
  14  1:11  Zergling x4  
  16  1:12  Zergling x2  
  16  1:17  Metabolic Boost  
  17  1:23  Zergling x2  
  18  1:34  Zergling x2  
  19  1:44  Zergling x2  
  20  1:57  Zergling x2  
  21  2:18  Zergling x2  
  22  2:24  Evolution Chamber  
  21  2:43  Zergling x2  
  22  2:45  Overlord x2  
  22  3:03  Queen  
  22  3:05  Overlord x2  
  24  3:16  Hatchery  
  23  3:20  Zergling x2  
  24  3:37  Zergling x2  
  25  3:45  Zergling x2  
  26  3:55  Zergling x2  
  22  4:10  Zergling x4  
  22  4:29  Drone  
  22  4:32  Queen  
  22  4:35  Zergling x4  
  25  4:58  Zergling x2  
  25  4:59  Zergling x6  
  28  5:09  Zergling x2  
  28  5:10  Zergling x2  
  27  5:30  Drone x2  
  27  5:34  Drone x2  
  31  5:46  Drone x2  
  33  5:59  Drone x4  
  33  6:02  Drone x2  
  39  6:04  Zergling x2  
  39  6:09  Drone  
  39  6:10  Drone  
  40  6:23  Drone x3  
  43  6:25  Extractor  
  43  6:26  Extractor  
  43  6:27  Drone x2  
  43  6:29  Extractor  
  43  6:30  Lair  
  42  6:42  Zergling x6  
  42  6:43  Zergling x2  
  38  7:06  Drone x10  
  48  7:18  Pneumatized Carapace  
  46  7:30  Overlord x3  
  46  7:36  Spire  
  45  7:47  Overlord x3  
  45  8:00  Overlord x2  
  45  8:01  Overlord  
  45  8:05  Queen x2  
  49  8:17  Hatchery  
  48  8:20  Zergling x12  
  48  8:21  Zergling x2  
  55  8:28  Zerg Melee Weapons Level 1  
  55  8:36  Zergling x2  
  55  8:37  Zergling x8  
  60  8:53  Mutalisk x3  
  60  8:54  Mutalisk x2  
  69  9:07  Mutalisk  
  69  9:08  Mutalisk x3  
  77  9:28  Baneling Nest  
  77  9:29  Zergling x2  
  77  9:30  Zergling x14  
  84  9:35  Drone  
  84  9:37  Drone  
  59  10:09  Mutalisk x3  
  59  10:10  Mutalisk x3  
  71  10:22  Mutalisk x2  
  71  10:23  Zergling x2  
  71  10:24  Zergling x4  
  77  10:46  Zergling x8  
  77  10:47  Zergling x8  
  84  10:56  Baneling  
  74  11:11  Zergling x4  
  74  11:12  Zergling x10  
  72  11:38  Zergling x8  
  72  11:39  Zergling x4  
  65  12:04  Zergling x20  
  65  12:05  Zergling x2  
  69  12:36  Zergling x12  
  71  12:45  Infestation Pit  
  57  13:10  Queen  
  59  13:13  Queen  
  59  13:17  Drone  
  59  13:18  Drone x2  
  64  13:20  Extractor  
  64  13:22  Drone x4  
  61  13:45  Drone x5  
  66  13:49  Queen  
  65  13:59  Pathogen Glands  
  66  14:24  Zergling x22  
  73  14:55  Infestor  
  73  14:56  Infestor x5  
  85  15:02  Hatchery  
  84  15:12  Zerg Ground Armor Level 1  
  74  15:45  Infestor x3  
  74  15:46  Infestor x5  
  90  16:06  Overlord x5  
  90  16:09  Neural Parasite  
  90  16:13  Queen  
  90  16:51  Queen  
  92  17:13  Hatchery  
  91  17:23  Hatchery  
  90  17:36  Infestor x3  
  92  17:37  Infestor x3  
  92  17:38  Swarm Host  
  92  17:39  Swarm Host x8  
  92  17:41  Overlord x4  
  92  17:42  Overlord x2  
  129  18:00  Spore Crawler x2  
  129  18:02  Spore Crawler  
  129  18:03  Spore Crawler  
  129  18:04  Spine Crawler  
  129  18:05  Queen  
  126  18:07  Spine Crawler x3  
  126  18:11  Spine Crawler  
  121  18:34  Swarm Host  
  121  18:35  Swarm Host x10  
  154  19:14  Swarm Host x4  
  166  19:17  Zergling x2  
  166  19:18  Zergling x22  
  166  20:23  Spawning Pool  
  165  20:36  Drone x2  
  165  20:39  Overlord x6  
  165  20:40  Overlord x2  
Tags
 
Add a new tag
Caveats
  • Supply blocks, unpowered buildings, or Contaminate may cause inaccurate times.
  • Supply counts are checked every 10 seconds.